 Dungeon Crawl Stone Soup version 0.27-a0-67-g4bfc8a49e1 (webtiles) character file.

Game seed: 14587049533869353698

5806 Borgoz the Grappler (level 10, -3/88 HPs)
             Began as a Ghoul Gladiator on Jan 9, 2021.
             Was a Believer of Makhleb.
             Splashed by a brown ugly thing's acid (11 damage)
             ... on level 8 of the Dungeon.
             The game lasted 00:10:27 (8927 turns).

Borgoz the Grappler (Ghoul Gladiator)               Turns: 8927, Time: 00:10:28

Health: -3/88      AC:  1    Str: 19      XL:     10   Next: 79%
Magic:  12/12      EV: 19    Int:  8      God:    Makhleb [**....]
Gold:   479        SH:  0    Dex: 12 (13) Spells: 9/9 levels left

rFire    + . .     SeeInvis .     - Unarmed
rCold    . . .     Faith    .   (no shield)
rNeg     + + +     Spirit   .   m - +0 ring mail
rPois    ∞         Reflect  .   b - +1 helmet
rElec    .         Harm     .   f - +0 cloak
rCorr    .         Rampage  .   (no gloves)
Will     +++..                  (no boots)
Stlth    ..........             (no amulet)
HPRegen  0.00/turn              p - +4 ring of evasion
MPRegen  0.13/turn              q - ring of Wuha {Fire Will+++ Int+5 Stlth-}

@: corroded
A: claws 1, cold resistance 1, negative energy resistance 3, inhibited
regeneration, torment resistance, unbreathing
a: Renounce Religion, Minor Destruction


You were on level 8 of the Dungeon.
You worshipped Makhleb.
Makhleb was pleased with you.
You visited 2 branches of the dungeon, and saw 9 of its levels.

You collected 479 gold pieces.

Inventory:

Missiles
 c - a throwing net (quivered)
Armour
 b - a +1 helmet (worn)
 f - a +0 cloak (worn)
 m - a +0 ring mail (worn)
Jewellery
 p - a +4 ring of evasion (left claw)
 q - the ring of Wuha (right claw) {Fire Will+++ Int+5 Stlth-}
   (You found it on level 7 of the Dungeon)

   [ring of fire]

   It enhances your fire magic.
   It affects your intelligence (+5).
   It protects you from fire.
   It makes you vulnerable to cold.
   It affects your willpower, your defense against some magical effects.
   It makes you less stealthy.
Wands
 d - a wand of polymorph (7)
 g - a wand of disintegration (13)
 t - a wand of flame (11)
Scrolls
 e - 2 scrolls of identify
 j - a scroll of magic mapping
 l - a scroll of enchant armour
 n - a scroll of fog
 o - a scroll of teleportation
 w - 3 scrolls of remove curse
Potions
 a - a potion of heal wounds
 h - 2 potions of might
 i - a potion of brilliance
 k - a potion of cancellation
 u - a potion of curing


   Skills:
 + Level 8.0 Fighting
 - Level 1.7 Throwing
 + Level 6.0 Armour
 * Level 8.8 Dodging
 * Level 10.4 Unarmed Combat
 - Level 4.8 Invocations
 - Level 4.0 Evocations


You had 9 spell levels left.
You didn't know any spells.
Your spell library contained the following spells:

 Spells                   Type           Power        Failure   Level
 Freeze                   Ice            0%           56%         1
 Summon Small Mammal      Summ           0%           56%         1
 Call Imp                 Summ           0%           71%         2
 Call Canine Familiar     Summ           0%           91%         3
 Frozen Ramparts          Ice            0%           91%         3
 Ozocubu's Armour         Ice            0%           91%         3
 Summon Guardian Golem    Hex/Summ       0%           91%         3
 Hailstorm                Conj/Ice       0%           100%        4
 Summon Ice Beast         Ice/Summ       0%           100%        4
 Summon Lightning Spire   Summ/Air       0%           100%        4


Dungeon Overview and Level Annotations

Branches:
Dungeon (8/15)             Temple (1/1) D:5
   Lair: D:8-11

Altars:
Ashenzari
Cheibriados
Dithmenos
Elyvilon
Fedhas
Gozag
Hepliaklqana
Kikubaaqudgha
Makhleb
Nemelex Xobeh
Okawaru
Qazlal
Ru
Sif Muna
Trog
Uskayaw
Vehumet
Wu Jian
Xom
Yredelemnul
Zin
The Shining One
Lugonu

Shops:
D:4 (

Portals:
Abyss: D:5


Innate Abilities, Weirdness & Mutations

You thrive by killing the living.
You are immune to poison.
You have sharp fingernails.
Your flesh is cold resistant. (rC+)
You are immune to negative energy. (rN+++)
You do not regenerate when monsters are visible.
You are immune to unholy pain and torment.
You can survive without breathing.


Message History

You are too injured to fight recklessly!
You are too injured to fight recklessly!
You are too injured to fight recklessly!
You are too injured to fight recklessly!
You completely miss the brown ugly thing.
Your claw misses the brown ugly thing.
The brown ugly thing is almost dead.
The orc hits you with a +0 whip!
* * * LOW HITPOINT WARNING * * *
The howler monkey misses you. The quasit completely misses you. x2
The quasit claws you.
* * * LOW HITPOINT WARNING * * *
The leopard gecko barely misses you.
The leopard gecko zombie closely misses you.
The orc closely misses you. The phantom hits you.
* * * LOW HITPOINT WARNING * * *
The brown ugly thing headbutts you!
* * * LOW HITPOINT WARNING * * *
You are splashed with acid!
You die...

............####.......
............#.......... .
.............)...##.##.
.. .......##.......#..#..
(.. #.....###............
....#.....#.......#....._
.........................
......5uZ.............#..
......o.@W............##.
......loh....#........
........#....#........
.....................
....................
..#.....###....#.
.#...>... .#.## #.......
....


You could see a brown ugly thing, a phantom, a howler monkey, a quasit, 2 orcs,
a leopard gecko zombie and a leopard gecko.

Vanquished Creatures
  Pikel (D:4)
  Prince Ribbit (D:7)
  Duvessa (D:6)
  A water moccasin (D:8)
  2 phantoms
  2 ice beasts
  3 ogres
  An orc warrior (D:6)
  A sky beast (D:5)
  2 centaurs (D:7)
  A bullfrog (D:5)
  5 scorpions
  A wyvern skeleton (D:7)
  Dowan (D:6)
  6 killer bees (D:7)
  4 howler monkeys
  A bullfrog zombie (D:7)
  A quasit (D:4)
  A centaur zombie (D:7)
  5 hounds
  4 orc priests
  4 iguanas
  8 orc wizards
  6 worker ants
  3 hound skeletons
  A howler monkey zombie (D:5)
  A worker ant zombie (D:6)
  3 gnolls (D:6)
  A howler monkey skeleton (D:6)
  13 adders
  A shadow imp (D:5)
  2 white imps (D:7)
  An ufetubus (D:5)
  2 oozes
  2 adder skeletons
  A worm (D:2)
  5 dart slugs
  5 leopard geckos
  34 orcs
  2 giant cockroaches
  9 goblins
  6 hobgoblins
  10 jackals
  8 quokkas
  A ball python (D:3)
  5 bats
  9 frilled lizards
  A jackal zombie (D:7)
  9 kobolds
  5 rats
203 creatures vanquished.

Vanquished Creatures (others)
  A lurking horror (D:5)
1 creature vanquished.

Grand Total: 204 creatures vanquished

Notes
Turn   | Place    | Note
-------+----------+-------------------------------------------
     0 | D:1      | Borgoz the Ghoul Gladiator began the quest for the Orb.
     0 | D:1      | Reached XP level 1. HP: 17/17 MP: 0/0
   139 | D:1      | Reached XP level 2. HP: 17/25 MP: 1/1
  1091 | D:2      | HP: 1/25 [hobgoblin/cursed -2 club (4)]
  1097 | D:2      | Reached XP level 3. HP: 6/30 MP: 2/2
  1478 | D:2      | Reached skill level 4 in Unarmed Combat
  1724 | D:2      | Found a basalt altar of Yredelemnul.
  1792 | D:2      | Found a white marble altar of Elyvilon.
  1953 | D:2      | Reached XP level 4. HP: 37/37 MP: 3/3
  2834 | D:3      | Reached XP level 5. HP: 45/45 MP: 4/4
  2905 | D:3      | Found a bloodstained altar of Trog.
  3053 | D:3      | Found a snail-covered altar of Cheibriados.
  3543 | D:3      | Found a shimmering altar of Xom.
  3588 | D:3      | Found a shadowy altar of Dithmenos.
  3770 | D:4      | Noticed an ogre
  3777 | D:4      | Killed an ogre
  3778 | D:4      | Reached skill level 1 in Armour
  3778 | D:4      | Reached skill level 5 in Unarmed Combat
  3778 | D:4      | Reached XP level 6. HP: 18/51 MP: 5/5
  3980 | D:4      | Found Giasku's Weapon Boutique.
  4281 | D:4      | Noticed a phantom
  4298 | D:4      | Killed a phantom
  4299 | D:4      | Reached XP level 7. HP: 42/58 MP: 6/6
  4615 | D:4      | Reached skill level 5 in Dodging
  4632 | D:4      | Reached skill level 6 in Unarmed Combat
  4860 | D:4      | Paralysed by an orc for 2 turns
  5072 | D:4      | Noticed Pikel
  5111 | D:4      | Killed Pikel
  5112 | D:4      | Reached skill level 7 in Unarmed Combat
  5112 | D:4      | Reached XP level 8. HP: 30/67 MP: 7/7
  5343 | D:5      | Entered Level 5 of the Dungeon
  5347 | D:5      | Reached skill level 5 in Fighting
  5649 | D:5      | Found a corrupted altar of Lugonu.
  5665 | D:5      | Found a one-way gate to the infinite horrors of the Abyss.
  6094 | D:5      | Reached XP level 9. HP: 67/74 MP: 8/8
  6145 | D:5      | Found a staircase to the Ecumenical Temple.
  6253 | Temple   | Entered the Ecumenical Temple
  6316 | Temple   | Became a worshipper of Makhleb the Destroyer
  6443 | D:6      | Found a white marble altar of Elyvilon.
  6510 | D:6      | Reached skill level 8 in Unarmed Combat
  7035 | D:6      | Reached skill level 5 in Armour
  7035 | D:6      | Reached skill level 9 in Unarmed Combat
  7035 | D:6      | Reached XP level 10. HP: 88/88 MP: 8/12
  7096 | D:6      | Noticed Dowan
  7099 | D:6      | Noticed Duvessa
  7102 | D:6      | Killed Dowan
  7115 | D:6      | Killed Duvessa
  7787 | D:6      | Reached skill level 10 in Unarmed Combat
  8162 | D:7      | Got a heavily runed pewter ring
  8163 | D:7      | Identified the ring of Wuha {Fire Will+++ Int+5 Stlth-}
                  | (You found it on level 7 of the Dungeon)
  8171 | D:7      | Reached * piety under Makhleb
  8209 | D:7      | Noticed Prince Ribbit
  8218 | D:7      | Killed Prince Ribbit
  8374 | D:7      | Found a burning altar of Makhleb.
  8861 | D:8      | Found an iron altar of Okawaru.
  8880 | D:8      | Got a scorched morningstar
  8881 | D:8      | Identified the +1 morningstar of Defiance {vamp, Int+3
                  | SInv} (You found it on level 8 of the Dungeon)
  8903 | D:8      | Reached ** piety under Makhleb
  8904 | D:8      | Noticed a brown ugly thing
  8927 | D:8      | Splashed by a brown ugly thing's acid

Illustrated notes

Levels and vault maps discovered:
D:1:      giann_forest_graveyard, layout_loops_ring, minivault_4
D:2:      minmay_spotlight, layout_loops_corners, kennysheep_ying_yang,
          hangedman_decor_growths
D:3:      layout_loops_ring, general_overflow_altar, grunt_temple_overflow_open,
          minmay_misc_feat_iff, corexii_corridor_pit, st_stairs_9
D:4:      layout_rooms, serial_shops, shop, minmay_pentomino_pile, uniq_pikel
D:5:      layout_rooms, minmay_temple_entry_ruins,
          amcnicky_altar_lugonu_corruption
D:6:      layout_layer_cave, basic_altar, uniq_duvessa
D:7:      layout_basic, bloody_makhleb, uniq_prince_ribbit1
D:8:      layout_cave_pools, serial_shops, shop, basic_altar,
          minmay_misc_feat_secret_circle, okawaru_gym_becter
Temple:   nicolae_temple_elliptical

Skill      XL: |  1  2  3  4  5  6  7  8  9 10 |
---------------+-------------------------------+-----
Dodging        | 3 4 5 6 8 |  8.8
Unarmed Combat | 4 5 7 9 10 | 10.4
Fighting       | 3 4 5 7 8 |  8.0
Armour         | 1 2 3 5 6 |  6.0
Invocations    | 4 |  4.8
Evocations     | 4 |  4.0
Throwing       | |  1.7

Action                   |  1- 3 |  4- 6 |  7- 9 | 10-12 || total
-------------------------+-------+-------+-------+-------++-------
Melee: Unarmed           |   109 |   255 |   259 |   230 ||   853
       Punch             |     3 |     5 |     7 |     8 ||    23
Throw: Throwing net      |     3 |     1 |     2 |       ||     6
  Use: Scroll            |     2 |       |    14 |     5 ||    21
       Potion            |       |       |     4 |       ||     4
 Stab: Held in net/web   |     1 |       |     1 |       ||     2
       Distracted        |       |     1 |       |       ||     1
Armor: Leather armour    |    22 |    27 |       |       ||    49
       Ring mail         |       |    53 |   110 |    64 ||   227
Dodge: Dodged            |    66 |   186 |   301 |   373 ||   926

Table legend: (Time is in decaauts)
 A = Elapsed time spent in this place.
 B = Non-inter-level travel time spent in this place.
 C = Inter-level travel time spent in this place.
 D = Time resting spent in this place.
 E = Time spent auto-exploring this place.
 F = Levels seen in this place.
 G = Mean time per level.
                   A        B        C        D        E       F      G
               +--------+--------+--------+--------+--------+-----+--------+
         Total |   8828 |   8578 |    250 |   2614 |   4466 |   9 |  980.9 |
       Dungeon |   8660 |   8453 |    207 |   2614 |   4348 |   8 | 1082.5 |
        Temple |    168 |    125 |     43 |      0 |    118 |   1 |  168.0 |
               +--------+--------+--------+--------+--------+-----+--------+

Top non-repeatable levels by time:
     D:4: 1775 daAuts
     D:6: 1593 daAuts
     D:2: 1349 daAuts
     D:3: 1229 daAuts
     D:1: 1171 daAuts
     D:7: 704 daAuts
     D:5: 703 daAuts
  Temple: 168 daAuts
     D:8: 132 daAuts
